 Dungeon Crawl Stone Soup version 0.27.1-4-g1640c2035a (webtiles) character file.

Game seed: 16346026417934574694

25 Stomo444 the Insei (level 3, -2/23 HPs)
             Began as an Octopode Transmuter on Nov 10, 2021.
             Slain by an adder (4 damage)
             ... on level 1 of the Dungeon.
             The game lasted 00:02:34 (1168 turns).

Stomo444 the Insei (Octopode Transmuter)            Turns: 1168, Time: 00:02:35

Health: -2/23      AC:  1    Str: 10    XL:     3   Next: 6%
Magic:  6/6        EV: 13    Int: 15    God:
Gold:   38         SH:  0    Dex: 12    Spells: 5/6 levels left

rFire    . . .     SeeInvis .     - Unarmed
rCold    . . .     Faith    .   (no shield)
rNeg     . . .     Spirit   .   (helmet restricted)
rPois    .         Reflect  .   (no amulet)
rElec    .         Harm     .   (no ring)
rCorr    .         Rampage  .   (no ring)
Will     .....                  (no ring)
Stlth    ++........             (no ring)
HPRegen  0.07/turn              (no ring)
MPRegen  0.10/turn              (no ring)
                                (no ring)
                                (no ring)

@: lethally poisoned (-2 -> -6), about to teleport, attractive
A: almost no armour, amphibious, 8 rings, camouflage 1, gelatinous body 1,
(nimble swimmer 1), tentacles
a: no special abilities


You were on level 1 of the Dungeon.
You visited 1 branch of the dungeon, and saw 2 of its levels.

You collected 38 gold pieces.

Inventory:

Scrolls
 b - a scroll of teleportation
 d - a scroll of identify {unknown}


   Skills:
 - Level 1.5 Fighting
 - Level 2.3 Dodging
 - Level 3.2 Unarmed Combat
 + Level 2.2 Spellcasting
 * Level 2.3 Transmutations


You had 5 spell levels left.
You knew the following spells:

 Your Spells              Type           Power      Damage    Failure   Level
a - Beastly Appendage     Tmut           16%        N/A       9%          1

Your spell library contained the following spells:

 Spells                   Type           Power      Damage    Failure   Level
 Wereblood                Tmut           8%         N/A       13%         2
 Spider Form              Tmut/Pois      2%         N/A       38%         3
 Gell's Gravitas          Tloc           0%         N/A       54%         3
 Lesser Beckoning         Tloc           0%         N/A       54%         3
 Teleport Other           Tloc           1%         N/A       54%         3
 Ice Form                 Ice/Tmut       5%         N/A       80%         4


Dungeon Overview and Level Annotations

Branches:
Dungeon (2/15)

Altars:


Innate Abilities, Weirdness & Mutations

You cannot wear most types of armour.
You are amphibious.
You can wear up to eight rings at the same time.
Your skin changes colour to match your surroundings (Stealth+).
Your rubbery body absorbs attacks. (AC +1, EV +1)
((You are camouflaged near water. (Stealth+)))
You have tentacles for arms and can constrict up to eight enemies at once.


Message History

You are poisoned.
The adder poisons you!
There is a stone staircase leading up here.
You feel sick. The adder completely misses you.
You climb upwards.
You feel sick.
There is a stone staircase leading down here.
It was a potion of attraction.
You feel attractive to monsters.
You feel sick. The adder bites you.
It was a potion of curing.
You feel better. The adder closely misses you.
You miss the adder. Your grab misses the adder.
Your tentacle spike misses the adder.
The adder bites you. x2
You miss the adder. Your grab misses the adder. The adder barely misses you.
You tentacle-slap the adder. Your grab misses the adder.
Your tentacle-slap misses the adder.
The adder is lightly wounded.
The adder misses you.
You tentacle-slap the adder. Your grab misses the adder.
Your tentacle spike misses the adder.
The adder is lightly wounded.
The adder misses you.
You tentacle-slap the adder. Your grab misses the adder.
Your tentacle spike misses the adder.
Your squeeze misses the adder.
The adder is moderately wounded.
The adder bites you. x2
* * * LOW HITPOINT WARNING * * *
You are lethally poisoned!
The adder poisons you!
As you read the scroll labelled NOOMAUSERGH, it crumbles to dust.
You hear a loud clanging noise!
It was a scroll of noise.
Your tentacle spike disappears.
* * * LOW HITPOINT WARNING * * *
You feel sick. The adder completely misses you.
Unknown command.
As you read the scroll labelled FUON BIRUILOAZ, it crumbles to dust.
You feel strangely unstable.
It was a scroll of teleportation.
* * * LOW HITPOINT WARNING * * *
You feel sick. The adder bites you.
You die...

#.# #...#.# #.#
#.#.#.#
#.####.#.#.#
#......#.#.#
########...#
#...#
########...#
#######
#.........S#
##.....##
#.########@#
##.#####.## #.#
###
##.#.....#.##
#.#
##.........#.#
######.#
###.#.........#.
#......#
#..#...........#
#.######
#..#.....≈≈....#
#.#
#..#....≈._≈....
#(#
#..#.....≈≈....#
#.#
#(.#......)....#


You could see an adder.

Vanquished Creatures
  3 ball pythons (D:1)
  2 goblins (D:1)
  2 hobgoblins (D:1)
  4 jackals (D:1)
  A quokka (D:1)
  2 bats (D:1)
  2 frilled lizards (D:1)
  3 kobolds (D:1)
  5 rats (D:1)
24 creatures vanquished.

Notes
Turn   | Place    | Note
-------+----------+-------------------------------------------
     0 | D:1      | Stomo444 the Octopode Transmuter began the quest for the
                  | Orb.
     0 | D:1      | Reached XP level 1. HP: 13/13 MP: 3/3
   305 | D:1      | Reached XP level 2. HP: 18/18 MP: 5/5
   949 | D:1      | Found a faded altar of an unknown god.
   989 | D:1      | Reached XP level 3. HP: 19/23 MP: 4/6
  1168 | D:1      | Slain by an adder

Illustrated notes

Levels and vault maps discovered:
D:1:      dpeg_arrival_windows_large_door, layout_basic,
          shapermc_ecumenical_altar_starsandcircs
D:2:      cheibrodos_helix_gallery, layout_rooms

Action                   || total
-------------------------++-------
Melee: Unarmed           ||    62
       Constrict         ||    15
       Kick              ||     2
       Tentacles         ||     8
 Cast: Beastly Appendage ||     8
  Use: Scroll            ||     2
       Potion            ||     2
 Stab: Sleeping          ||     6
Armor: Skin              ||     9
Dodge: Dodged            ||    47
